 Dungeon Sprint DCSS version 0.16.1-28-gcc2312f (webtiles) character file.

280 Kidiri the Thaumaturge (level 6, 0/32 HPs)
             Began as a Deep Elf Summoner on May 29, 2015.
             Was a Believer of Sif Muna.
             Killed by an exploding giant spore (21 damage)
             ... in the Dungeon (Sprint I: "Red Sonja").
             The game lasted 00:04:39 (740 turns).

Kidiri the Thaumaturge (Deep Elf Summoner)           Turns: 740, Time: 00:04:39

Health: 0/32       AC:  2    Str:  5    XL:     6   Next: 5%
Magic:  25/25      EV: 13    Int: 22    God:    Sif Muna [**....]
Gold:   313        SH:  0    Dex: 15    Spells: 6 memorised, 6 levels left

rFire  . . .     SeeInvis .     d - +0 dagger (venom)
rCold  . . .     Clarity  .     a - +0 robe
rNeg   . . .     SustAb   .     (no shield)
rPois  .         Gourm    .     (no helmet)
rElec  .         Spirit   .     (no cloak)
rCorr  .         Warding  .     (no gloves)
rMut   .         NoTele   +     (no boots)
MR     .....                    (no amulet)
Stlth  +.........               (no ring)
                                (no ring)

@: confused, not resistant to hostile enchantments, very unstealthy
A: no striking features
a: Channel Energy, Forget Spell, Renounce Religion


You were in the Dungeon.
You worshipped Sif Muna.
Sif Muna was pleased with you.
You were not hungry.

You visited 1 branch You collected 417 gold pieces.
You spent 104 gold pieces at shops.

Inventory:

Hand weapons
 d - a +0 dagger of venom (weapon)
Armour
 a - a +0 robe (worn)
Scrolls
 i - a scroll of blinking
 l - 3 scrolls of identify
Potions
 e - 2 potions of heal wounds
 f - a potion of haste
 g - 2 potions of magic
 h - a potion of berserk rage
 j - a potion of cancellation {unknown}
Books
 b - a book of Callings

   Spells                             Type                      Level
   a - Summon Small Mammal            Summoning                    1
   b - Call Imp                       Summoning                    2
   c - Call Canine Familiar           Summoning                    3
   d - Summon Guardian Golem          Hexes/Summoning              4
   e - Summon Lightning Spire         Summoning/Air                4
   f - Summon Ice Beast               Ice/Summoning                4
Comestibles
 c - a bread ration


   Skills:
 - Level 2.4 Dodging
 - Level 2.4 Stealth
 + Level 9.7 Spellcasting
 * Level 5.4 Hexes
 + Level 9.0 Summonings
 * Level 4.5 Ice Magic
 * Level 4.1 Air Magic


You had 6 spell levels left.
You knew the following spells:

 Your Spells              Type           Power        Failure   Level  Hunger
a - Summon Small Mammal   Summ           ####         1%          1    None
b - Call Imp              Summ           ######..     1%          2    None
c - Call Canine Familiar  Summ           ######..     1%          3    None
d - Summon Guardian Gole  Hex/Summ       #####...     3%          4    ##.....
e - Summon Ice Beast      Ice/Summ       #####...     4%          4    ##.....
f - Summon Lightning Spi  Summ/Air       #####...     4%          4    ##.....


Dungeon Overview and Level Annotations

Branches:
Dungeon (1/1)

Altars:
Elyvilon
Gozag
Kikubaaqudgha
Makhleb
Nemelex Xobeh
Okawaru
Qazlal
Ru
Sif Muna
Trog
Vehumet
Xom
Yredelemnul
Zin
The Shining One

Shops:
D }?


Message History

You now have 286 gold pieces (gained 27).
You now have 313 gold pieces (gained 27).
You open the door.
There is an open door here.
Found Trei's Gadget Boutique.
There is an entrance to Trei's Gadget Boutique here.
There is an open door here.
You open the door. 2 giant spores come into view.
The giant spore waves its rhizomes. x2
The giant spore explodes!
A fungus suddenly grows.
The explosion of spores engulfs you!
You are confused.
The explosion of spores engulfs the giant spore.
The giant spore explodes!
The explosion of spores engulfs the ballistomycete.
The explosion of spores engulfs you!
You are more confused.
Ouch! That really hurt!
You die...

#..#__####.(##.#≈≈≈,,*,,**+**
#..#_..__##)#..+≈≈≈,,+,,*,,,,
#⌠⌠#_.∩...÷(.._#≈≈≈,,*,,*,,,,
####_..._##_.#'#*+*****+***,,
*,,#_____###(#.#,,,,***,+,*,,
############.###*+***,***,*,,
#∩........'...+,,,,,+,∩**,*,,
###++++####...#**********,**+
*,,,,,,,**##@##*,,,,,,,**,**,
*,,,,,,,,*,#P#,*,,,,,,,,+,***
*,,*,,,,,*,!$!,*+++******,*,,
*,,,,,,,,*$()?$*,,,,,,,,*,***
*,,,,,*,,#######,,,,,,,*+,*,,
*,,,,,,,,**,,,,,,,,,,,≈****,,
*,,*,,,,,**,,,,,,,,,,≈≈**,,,,
*,,,,,,,,***,,,,,,,≈≈≈***,,,,
***++++*** ***,,≈≈≈≈*** *,,,,


There were no monsters in sight!

Vanquished Creatures (collateral kills)
  Sonja (D)
  A yak (D)
  An ogre (D)
  Sigmund (D)
  A jelly (D)
  Ijyb (D)
6 creatures vanquished.

Vanquished Creatures (others)
  A gargoyle (D)
  A crimson imp (D)
  A hound (D)
  A rat (D)
4 creatures vanquished.

Grand Total: 10 creatures vanquished

Notes
Turn   | Place    | Note
--------------------------------------------------------------
     0 | D        | Kidiri, the Deep Elf Summoner, began the quest for the Orb.
     0 | D        | Reached XP level 1. HP: 10/10 MP: 5/5
     6 | D        | Noticed Ijyb
    21 | D        | Killed Ijyb
    21 | D        | Reached skill level 5 in Summonings
    21 | D        | Reached XP level 2. HP: 15/15 MP: 2/10
    85 | D        | Learned a level 2 spell: Call Imp
    91 | D        | Noticed an ogre
    97 | D        | Killed an ogre
    97 | D        | Reached skill level 7 in Spellcasting
    97 | D        | Reached XP level 3. HP: 19/19 MP: 1/17
   219 | D        | Learned a level 3 spell: Call Canine Familiar
   224 | D        | Noticed Sigmund
   236 | D        | Killed Sigmund
   236 | D        | Reached skill level 8 in Spellcasting
   236 | D        | Reached XP level 4. HP: 24/24 MP: 7/21
   242 | D        | Learned a level 4 spell: Summon Guardian Golem
   247 | D        | Learned a level 4 spell: Summon Ice Beast
   252 | D        | Learned a level 4 spell: Summon Lightning Spire
   440 | D        | Found a deep blue altar of Sif Muna.
   441 | D        | Noticed a jelly
   442 | D        | Found a radiant altar of Vehumet.
   447 | D        | Killed a jelly
   459 | D        | Became a worshipper of Sif Muna the Loreminder
   486 | D        | Found Skiahuus' Magic Scroll Emporium.
   486 | D        | Found a white marble altar of Elyvilon.
   486 | D        | Found a burning altar of Makhleb.
   486 | D        | Found a sacrificial altar of Ru.
   486 | D        | Found a glowing golden altar of the Shining One.
   486 | D        | Found an opulent altar of Gozag.
   486 | D        | Found a glowing silver altar of Zin.
   486 | D        | Noticed a yak
   487 | D        | Found a stormy altar of Qazlal.
   487 | D        | Found a basalt altar of Yredelemnul.
   487 | D        | Found a shimmering altar of Xom.
   489 | D        | Killed a yak
   489 | D        | Acquired Sif Muna's first power
   489 | D        | Reached skill level 9 in Spellcasting
   489 | D        | Reached XP level 5. HP: 28/28 MP: 5/24
   547 | D        | Killed a gargoyle
   557 | D        | Found a sparkling altar of Nemelex Xobeh.
   557 | D        | Found an ancient bone altar of Kikubaaqudgha.
   558 | D        | Found an iron altar of Okawaru.
   559 | D        | Found a bloodstained altar of Trog.
   563 | D        | Bought a scroll of magic mapping for 38 gold pieces
   563 | D        | Bought a scroll of identify for 22 gold pieces
   563 | D        | Bought a scroll of identify for 22 gold pieces
   563 | D        | Bought a scroll of identify for 22 gold pieces
   581 | D        | Noticed Sonja
   598 | D        | Killed Sonja
   598 | D        | Acquired Sif Muna's second power
   598 | D        | Reached skill level 5 in Hexes
   598 | D        | Reached XP level 6. HP: 30/32 MP: 6/25
   718 | D        | Found Trei's Gadget Boutique.
   740 | D        | Killed by an exploding giant spore

Action                   |  1- 3 |  4- 6 || total
-------------------------+-------+-------++-------
 Cast: Summon Small Mamm |     5 |       ||     5
       Call Imp          |     8 |       ||     8
       Call Canine Famil |     2 |       ||     2
       Summon Ice Beast  |       |     6 ||     6
       Summon Lightning  |       |     1 ||     1
       Summon Guardian G |       |     1 ||     1
  Use: Scroll            |       |     1 ||     1
       Potion            |       |     1 ||     1
